 Dungeon Crawl Stone Soup version 0.13-a0-2474-g552a472 (webtiles) character file.

108 Rycklaryybbe the Grave Robber (level 3, 0/24 HPs)
             Began as a Demonspawn Necromancer on July 18, 2013.
             Succumbed to poison (a potion of poison)
             ... on Level 2 of the Dungeon.
             The game lasted 00:04:07 (1245 turns).

Rycklaryybbe the Grave Robber (DsNe)                Turns: 1245, Time: 00:04:07

HP   0/24        AC  4     Str  8      XL: 3   Next: 10%
MP   0/6         EV 12     Int 17      God:
Gold 76          SH  0     Dex 13      Spells:  1 memorised,  4 levels left

Res.Fire  : + . .   See Invis. : .   p - +0,+1 mace
Res.Cold  : . . .   Warding    : .   a - +0 robe
Life Prot.: . . .   Conserve   : .   (no shield)
Res.Poison: .       Res.Corr.  : .   (no helmet)
Res.Elec. : .       Clarity    : .   k - +0 cloak
Sust.Abil.: . .     Spirit.Shd : .   r - +0 pair of gauntlets
Res.Mut.  : .       Stasis     : .   (no boots)
Res.Rott. : .       Flight     : .   (no amulet)
Saprovore : . . .                    (no ring)
                                     (no ring)

@: mildly poisoned, very slightly contaminated, not resistant to hostile
enchantments, fairly stealthy
A: conserve scrolls, fire resistance 1
a: no special abilities


You were on level 2 of the Dungeon.
You were full.

You visited 1 branch of the dungeon, and saw 2 of its levels.

You collected 56 gold pieces.

Inventory:

Hand weapons
 i - a +1,+0 elven dagger (quivered)
 l - a +0,+1 dwarven short sword
 p - a +0,+1 mace (weapon)
Armour
 a - a +0 robe (worn)
 h - a +0 robe
 k - a +0 cloak (worn)
 r - a +0 pair of gauntlets (worn)
Comestibles
 c - a bread ration
 j - an orange
 m - a meat ration
 t - 2 chunks of quokka flesh
 w - an apple
 x - a banana
 z - a chunk of bat flesh
Scrolls
 d - a scroll of blinking {unknown}
 e - 3 scrolls of remove curse {unknown}
 f - 2 scrolls of identify {unknown}
 n - a scroll of amnesia {unknown}
 o - a scroll of enchant weapon I {unknown}
 s - a scroll of curse weapon {unknown}
 u - a scroll of teleportation {unknown}
Jewellery
 g - an uncursed ring of see invisible {unknown}
Books
 b - a book of Necromancy

   Spells                             Type                      Level
   *Pain                              Necromancy                   1
   Animate Skeleton                   Necromancy                   1
   Lethal Infusion                    Charms/Necromancy            2
   Vampiric Draining                  Necromancy                   3
   Regeneration                       Charms/Necromancy            3
   Animate Dead                       Necromancy                   4
   Control Undead                     Necromancy                   4


   Skills:
 + Level 1.5 Maces & Flails
 - Level 1.7 Dodging
 - Level 1.7 Stealth
 - Level 1.5 Spellcasting
 - Level 4.8 Necromancy


You had 4 spell levels left.
You knew the following spells:

 Your Spells              Type           Power        Failure   Level  Hunger
a - Pain                  Necr           ###.         2%          1    ##.....


Dungeon Overview and Level Annotations

Branches:
Dungeon (2/27)

Altars:

Annotations
D:2 Sigmund


Innate Abilities, Weirdness & Mutations

You are very good at protecting items from fire.
Your flesh is heat resistant.


Message History

Press: ? - help, Shift-Dir - straight line, f/p - Sigmund
Aim: Sigmund, wielding a scythe and wearing a robe (heavily wounded) Sigmund resists.
Sigmund hits you from afar with a scythe!
* * * LOW HITPOINT WARNING * * *
Casting: Pain
Confirm with . or Enter, or press ? or * to list all spells.
You don't have enough magic to cast that spell.
Drink which item? (? for menu, Esc to quit)
That potion was really gluggy!
It was a potion of porridge.
The kobold throws a dart.
The dart misses you.
Sigmund hits you from afar with a scythe.
* * * LOW HITPOINT WARNING * * *
Drink which item? (? for menu, Esc to quit)
That liquid tasted very nasty...
You are poisoned.
It was a potion of poison.
* * * LOW HITPOINT WARNING * * *
You feel sick.
You feel a little better.
You die...

..## #### #..#
...####### ##.#
#.......... #.#
.#......... #.#
.#.(........########.##
.#............(.......#
.#..(...#.#.#.#.####.##
................## #.#
##.....#.#.#.#.#@# #.#
#...............###.#
###..# #.#.#.#.#K...#
......@..#.+#
#.#.#.#.#.... .......
+. ... #.#.#.# .. ..#
.... .. . .#.# ...


You could see Sigmund and a kobold.

Vanquished Creatures
  An adder (D:2)
  A giant gecko (D:2)
  2 ball pythons (D:1)
  3 bats
  5 giant cockroaches
  2 hobgoblins
  A kobold (D:2)
  A quokka (D:2)
  A giant newt (D:1)
  A goblin (D:1)
  A rat (D:2)
19 creatures vanquished.

Notes
Turn   | Place    | Note
--------------------------------------------------------------
     0 | D:1      | Rycklaryybbe, the Demonspawn Necromancer, began the quest for the Orb.
     0 | D:1      | Reached XP level 1. HP: 13/13 MP: 3/3
   605 | D:1      | Gained mutation: You are very good at protecting items from fire. [demonic ancestry]
   605 | D:1      | Reached XP level 2. HP: 10/19 MP: 1/4
   981 | D:2      | Reached skill level 1 in Maces & Flails
  1188 | D:2      | Gained mutation: Your flesh is heat resistant. [demonic ancestry]
  1188 | D:2      | Reached XP level 3. HP: 20/24 MP: 6/6
  1235 | D:2      | Noticed Sigmund
  1243 | D:2      | HP: 1/24 [poison (a potion of poison)]
  1245 | D:2      | Succumbed to poison (a potion of poison)

Action                   || total
-------------------------++-------
Melee: Unarmed           ||    37
       Mace              ||    31
 Cast: Pain              ||    19
  Use: Potion            ||     2
 Stab: Sleeping          ||     2
